 Dungeon Crawl Stone Soup version 0.18.1-48-g4cf74bf (webtiles) character file.

268 Heedrag the Conjurer (level 6, -5/32 HPs)
             Began as a Deep Elf Conjurer on Aug 6, 2016.
             Slain by a centaur (6 damage)
             ... on level 5 of the Dungeon.
             The game lasted 00:05:27 (3267 turns).

Heedrag the Conjurer (Deep Elf Conjurer)            Turns: 3267, Time: 00:05:28

Health: -5/32      AC:  3    Str:  7    XL:     6   Next: 1%
Magic:  9/15       EV:  9    Int: 24    God:
Gold:   219        SH:  0    Dex: 15    Spells: 4 memorised, 2 levels left

rFire  . . .     SeeInvis .     y - +0 flail (drain)
rCold  . . .     Gourm    .     a - +0 robe
rNeg   . . .     Faith    .     (no shield)
rPois  .         Spirit   .     (no helmet)
rElec  .         Dismiss  .     v - +0 cloak
rCorr  .         Reflect  .     (no gloves)
SustAt .         Harm     .     (no boots)
MR     .....                    (no amulet)
Stlth  ++........               A - -4 ring of evasion (curse)
                                q - +4 ring of intelligence

@: not resistant to hostile enchantments, unstealthy
A: no striking features
a: no special abilities


You were on level 5 of the Dungeon.
You were not hungry.

You visited 1 branch of the dungeon, and saw 5 of its levels.

You collected 219 gold pieces.

Inventory:

Hand Weapons
 x - a +0 dagger
 y - a +0 flail of draining (weapon)
Armour
 a - a +0 robe (worn)
 v - a +0 cloak (worn)
Jewellery
 q - a +4 ring of intelligence (left hand)
 A - a cursed -4 ring of evasion (right hand)
Scrolls
 e - 2 scrolls of immolation {unknown}
 i - 3 scrolls of magic mapping {unknown}
 j - 8 scrolls of identify {unknown}
 l - a scroll of remove curse {unknown}
 o - a scroll of enchant armour {unknown}
 p - 2 scrolls of blinking {unknown}
 r - a scroll of recharging {unknown}
 s - a scroll of teleportation {unknown}
 u - a scroll of random uselessness {unknown}
Potions
 f - a potion of ambrosia {unknown}
 g - 3 potions of magic {unknown}
 m - a potion of curing {unknown}
 n - a potion of heal wounds {unknown}
 w - a potion of resistance {unknown}
 z - a potion of mutation {unknown}
Books
 b - a book of Conjurations

   Spells                             Type                      Level
   a - Magic Dart                     Conjuration                  1
   b - Searing Ray                    Conjuration                  2
   c - Dazzling Spray                 Conjuration/Hexes            3
   d - Fulminant Prism                Conjuration/Hexes            4
   e - Iskenderun's Mystic Blast      Conjuration                  4
   f - Iskenderun's Battlesphere      Conjuration/Charms           5
Comestibles
 c - 3 bread rations
 d - a beef jerky
 h - a royal jelly
 k - 3 chunks of flesh
 t - 2 slices of pizza


   Skills:
 - Level 2.4 Dodging
 - Level 2.4 Stealth
 + Level 5.1 Spellcasting
 * Level 7.0 Conjurations
 + Level 1.5 Charms


You had 2 spell levels left.
You knew the following spells:

 Your Spells              Type           Power        Failure   Level  Hunger
a - Magic Dart            Conj           ####         1%          1    None
b - Dazzling Spray        Conj/Hex       ###...       10%         3    ##.....
c - Iskenderun's Mystic   Conj           #####...     6%          4    ####...
d - Iskenderun's Battles  Conj/Chrm      ####....     41%         5    #####..


Dungeon Overview and Level Annotations

Branches:
Dungeon (5/15)
 Temple: D:4-7

Altars:
Kikubaaqudgha
Okawaru

Annotations:
D:5 Sigmund


Message History

Sigmund tha Dreaded comes inta view. 'e be wieldin' a scytha o' venom.
Sigmund shouts!
Ye hit tha centaur.
Tha centaur be severely wounded.
Tha centaur hits ye.
Tha centaur hits ye but does nay damage.
Sigmund casts a spell at ye.
Tha magic dart hits ye!
* * * LOW HITPOINT WARNIN'
* * * Castin': Dazzlin' Spray Confirm wit' . or Enter, or press ? or * ta list all spells.
Aimin': Dazzlin' Spray
Press: ? - help, Shift-Dir - straight line, f/p - centaur
Aim: a centaur (severely wounded, blind) Tha spray o' energy hits tha centaur.
Tha centaur be almost dead.
Tha centaur be dazzled.
Tha centaur hits ye.
* * * LOW HITPOINT WARNIN'
* * * Tha centaur hits ye.
Ye die...

.....## .@....# .#
......# .. ......# ..
###.....# ..##.
......# ......#.c..#
. .. #.#..@#####..#
.... #.........#..#
##.#.# #....####.#..#
#..#.#
....##..#.....#
#.##.#
........#.....#
#.##.# ..
#......#..#####.##.#
#
##.....##...#...##..
#.....[##....>......
##.#.......#.######.#


You could see Sigmund and a centaur (blind).

Vanquished Creatures
  2 orc priests (D:4)
  An orc wizard (D:3)
  An iguana (D:4)
  A worker ant (D:3)
  8 adders
  An ooze (D:1)
  2 dart slugs
  6 giant geckos
  3 orcs
  6 bats
  3 giant cockroaches
  2 goblins
  A hobgoblin (D:1)
  2 jackals (D:3)
  3 kobolds
  4 quokkas
  3 rats
49 creatures vanquished.

Notes
Turn   | Place    | Note
--------------------------------------------------------------
     0 | D:1      | Heedrag the Deep Elf Conjurer began the quest for the Orb.
     0 | D:1      | Reached XP level 1. HP: 10/10 MP: 6/6
   201 | D:1      | Reached XP level 2. HP: 12/15 MP: 4/8
   537 | D:1      | Reached skill level 5 in Conjurations
   755 | D:2      | You fall through a shaft!
   759 | D:3      | Reached XP level 3. HP: 17/19 MP: 5/10
   764 | D:3      | Learned a level 3 spell: Dazzling Spray
  1115 | D:3      | Found an iron altar of Okawaru.
  1272 | D:3      | Reached XP level 4. HP: 24/24 MP: 8/12
  1368 | D:3      | Learned a level 4 spell: Iskenderun's Mystic Blast
  1494 | D:3      | Found an ancient bone altar of Kikubaaqudgha.
  1540 | D:3      | Reached skill level 6 in Conjurations
  2056 | D:4      | Reached XP level 5. HP: 11/28 MP: 3/14
  2139 | D:4      | Learned a level 5 spell: Iskenderun's Battlesphere
  3080 | D:4      | Reached skill level 5 in Spellcasting
  3080 | D:4      | Reached skill level 1 in Charms
  3083 | D:4      | Reached skill level 7 in Conjurations
  3119 | D:4      | Reached XP level 6. HP: 23/32 MP: 11/15
  3210 | D:5      | Entered Level 5 of the Dungeon
  3266 | D:5      | Noticed Sigmund
  3267 | D:5      | HP: 1/32 [centaur (6)]
  3267 | D:5      | Slain by a centaur

Skill      XL: |  1  2  3  4  5 |
---------------+----------------+-----
Conjurations   | 5 6 7 |  7.0
Spellcasting   | 4 5 |  5.1
Charms         | 1 |  1.5
Dodging        | |  2.4
Stealth        | |  2.4

Action                   |  1- 3 |  4- 6 || total
-------------------------+-------+-------++-------
Melee: Unarmed           |     3 |       ||     3
       Flail             |       |     4 ||     4
 Cast: Magic Dart        |    58 |    67 ||   125
       Dazzling Spray    |       |     6 ||     6
  Eat: Chunk             |     1 |     6 ||     7
Armor: Robe              |     1 |     2 ||     3
Dodge: Dodged            |     9 |    14 ||    23
